 Dungeon Crawl Stone Soup version 0.22-a0-389-g8519d86 (webtiles) character file.

30 erloom the Digger (level 3, 31/31 HPs)
             Began as a Troll Earth Elementalist on Apr 30, 2018.
             Quit the game on level 1 of the Dungeon.
             The game lasted 00:01:54 (244 turns).

erloom the Digger (Troll Earth Elementalist)         Turns: 244, Time: 00:01:55

Health: 31/31      AC:  5    Str: 16    XL:     3   Next: 5%
Magic:  4/4        EV: 10    Int: 12    God:
Gold:   14         SH:  0    Dex: 10    Spells: 4/5 levels left

rFire    . . .     SeeInvis .     - Unarmed
rCold    . . .     Gourm    +   (no shield)
rNeg     . . .     Faith    .   c - +0 robe
rPois    .         Spirit   .   (helmet restricted)
rElec    .         Reflect  .   (no cloak)
rCorr    .         Harm     .   (gloves unavailable)
MR       .....                  (boots unavailable)
Stlth    +.........             (no amulet)
HPRegen  0.50/turn              (no ring)
MPRegen  0.09/turn              (no ring)

@: no status effects
A: large, unfitting armour, claws 3, fast metabolism 3, gourmand, regeneration
1, shaggy fur 1, tough skin 2
a: no special abilities


You were on level 1 of the Dungeon.
You were not hungry.

You visited 1 branch of the dungeon, and saw 1 of its levels.

You collected 14 gold pieces.

Inventory:

Missiles
 b - 53 stones (quivered)
Armour
 c - a +0 robe (worn)
Scrolls
 e - 2 scrolls of remove curse {unknown}
 f - a scroll of identify {unknown}
Potions
 a - a potion of heal wounds {unknown}
Comestibles
 d - 2 rations


   Skills:
 - Level 1.5 Dodging
 - Level 1.0 Stealth
 + Level 1.9 Unarmed Combat
 + Level 1.7 Spellcasting
   Level 0.6 Transmutations
 - Level 2.6 Earth Magic


You had 4 spell levels left.
You knew the following spells:

 Your Spells              Type           Power        Failure   Level  Hunger
a - Sandblast             Erth           #.....       10%         1    ##.....


Dungeon Overview and Level Annotations

Branches:
Dungeon (1/15)

Altars:


Innate Abilities, Weirdness & Mutations

You are too large for most types of armour.
You have claws for hands.
Your metabolism is lightning-fast.
You like to eat raw meat.
Your natural rate of healing is unusually fast.
You are covered in fur. (AC +1)
You have very tough skin. (AC +2)


Message History

You closely miss the giant cockroach.
The giant cockroach bites you but does no damage.
The giant cockroach bites you.
You scratch the giant cockroach.
The giant cockroach is heavily wounded.
The giant cockroach bites you but does no damage.
You claw the giant cockroach!
You kill the giant cockroach!
No target in view!
No target in view!
You see here a giant cockroach corpse.
Found a scroll labeled FENWEAWK TYGE.
You see here a frilled lizard corpse.
f - a scroll labeled YNOSOF KAST
Things that are here:
a leather armour; a dagger; a goblin corpse You see here a frilled lizard corpse.
e - 2 scrolls labeled FENWEAWK TYGE (gained 1)
There are no items here.
Are you sure you want to abandon this character and quit the game? (Confirm with "yes".)

#.....####.#
#.######
#####....#.#
#...)...
########.#.##
########
......†[....#
#######††...#
#.#####.....#
#...........#
#.#####.....#
#.....@.....#
#######.....#
......#
##.....#
#.....#
#.##### #.#
.#


There were no monsters in sight!

Vanquished Creatures
  A leopard gecko (D:1)
  3 bats (D:1)
  A giant cockroach (D:1)
  4 goblins (D:1)
  2 hobgoblins (D:1)
  3 jackals (D:1)
  A ball python (D:1)
  A frilled lizard (D:1)
  13 rats (D:1)
29 creatures vanquished.

Notes
Turn   | Place    | Note
-------+----------+-------------------------------------------
     0 | D:1      | erloom the Troll Earth Elementalist began the quest for the Orb.
     0 | D:1      | Reached XP level 1. HP: 16/16 MP: 1/1
    48 | D:1      | Reached XP level 2. HP: 24/24 MP: 3/3
    79 | D:1      | Reached skill level 1 in Unarmed Combat
   223 | D:1      | Reached XP level 3. HP: 29/31 MP: 4/4
   244 | D:1      | Quit the game

Vault maps used:
D:1:      erik_arrival_orb_chamber

Skill      XL: |  1  2 |
---------------+-------+-----
Unarmed Combat | 1 |  1.9
Dodging        | |  1.5
Stealth        | |  1.0
Spellcasting   | |  1.7
Transmutations | |  0.6
Earth Magic    | |  2.6

Action                   || total
-------------------------++-------
Melee: Unarmed           ||    87
 Stab: Sleeping          ||     1
Armor: Robe              ||    38
Dodge: Dodged            ||    44

Table legend:
 A = Spawn XP
 B = Non-spawn XP
 C = Spawn XP percentage of total XP
 D = Spawn monster count
 E = Non-spawn monster count
 F = Spawn count percentage of total count
 G = Total turns spent on level
                    A         B        C        D         E        F      G
               +---------+---------+-------+---------+---------+-------+---------
         Total |       0 |      44 |   0.0 |       0 |      29 |   0.0 |   244
               +---------+---------+-------+---------+---------+-------+---------
           D:1 |       0 |      44 |   0.0 |       0 |      29 |   0.0 |   244
               +---------+---------+-------+---------+---------+-------+---------
